 Dungeon Crawl Stone Soup version 0.31-a0-182-gc5ef74bbde (webtiles) character file.

Game seed: 608925714835753091

361 promet the Trooper (level 6, -2/66 HPs)
             Began as an Ogre Gladiator on June 20, 2023.
             Was a Follower of Okawaru.
             Slain by a black bear (5 damage)
             ... on level 4 of the Dungeon.
             The game lasted 00:23:20 (4799 turns).

promet the Trooper (Ogre Gladiator)                 Turns: 4799, Time: 00:23:20

Health: -2/66      AC:  3    Str: 19    XL:     6   Next: 66%
Magic:  6/6        EV: 10    Int: 11    God:    Okawaru [*.....]
Gold:   160        SH:  0    Dex: 10    Spells: 5/5 levels left

rFire   + . .        a - +0 trident
rCold   x . .        (no shield)
rNeg    . . .        b - +0 robe
rPois   .            c - +0 hat
rElec   .            (no cloak)
rCorr   .            (gloves unavailable)
SInv    .            (boots unavailable)
Will    .....        (no amulet)
Stlth   +            j - ring of wizardry
HPRegen 0.31/turn    t - ring of fire
MPRegen 0.10/turn

%: wizardry (x1)
@: no status effects
A: large, unfitting armour, tough skin 1
a: Renounce Religion, Heroism


You were on level 4 of the Dungeon.
You worshipped Okawaru.
Okawaru was aware of your devotion.
You visited 1 branch of the dungeon, and saw 4 of its levels.

You collected 160 gold pieces.

Inventory:

Hand Weapons
 a - a +0 trident (weapon)
 f - a +0 flail
 o - a +0 short sword of speed
Missiles
 d - 2 throwing nets
 e - a large rock
 l - 3 stones
 q - 4 atropa-tipped darts (quivered)
 x - 4 poisoned darts
Armour
 b - a +0 robe (worn)
 c - a +0 hat (worn)
Jewellery
 j - a ring of wizardry (left hand)
 t - a ring of fire (right hand)
Wands
 v - a wand of iceblast (6)
Scrolls
 u - a scroll of poison
 y - a scroll of brand weapon {unknown}
Potions
 g - 2 potions of mutation {unknown}
 h - a potion of enlightenment {unknown}
 i - a potion of resistance
 k - a potion of curing
 m - a potion of heal wounds {unknown}
 n - a potion of berserk rage {unknown}
 p - a potion of cancellation
 r - a potion of ambrosia {unknown}
 s - a potion of degeneration {unknown}
 w - a potion of attraction {unknown}


   Skills:
 * Level 5.1 Fighting
 + Level 4.9 Polearms
 + Level 2.6 Throwing
 + Level 3.7 Dodging
 + Level 1.2 Stealth
 + Level 0.5 Evocations


You had 5 spell levels left.
You didn't know any spells.
Your spell library contained the following spells:

 Spells                   Type           Power      Damage    Failure   Level
 Alistair's Intoxication  Tmut/Pois      0%         N/A       98%         5
 Orb of Destruction       Conj           0%         9d5       100%        7
 Storm Form               Tmut/Air       0%         N/A       100%        7
 Necromutation            Tmut/Necr      0%         N/A       100%        8
 Summon Guardian Golem    Hex/Summ       Unusable   N/A       N/A         3
 Spellforged Servitor     Conj/Summ      Unusable   N/A       N/A         7

Dungeon Overview and Level Annotations

Branches:
Dungeon (4/15)
 Temple: D:4-7

Altars:
Elyvilon
Okawaru
Wu Jian

Shops:
D:1 (

Annotations:
D:3 Sigmund


Innate Abilities, Weirdness & Mutations

You are too large for most types of armour.
You have tough skin. (AC +1)


Message History

Level annotation: Sigmund
There is a stone staircase leading down here.
There is a stone staircase leading down here.
Sigmund smiles chillingly.
Sigmund closely misses you.
You climb downwards.
The black bear closely misses you. The black bear misses you.
The black bear claws you but does no damage.
The black bear closely misses you. The black bear claws you. x2
There is a stone staircase leading up, spattered with blood here.
You hit the black bear but do no damage.
The black bear closely misses you. The black bear claws you. x2
You puncture the black bear!
The black bear is moderately wounded.
The black bear bites you but does no damage.
The black bear closely misses you. x2
You puncture the black bear!
The black bear is severely wounded.
The black bear bites you! The black bear claws you. x2
You hit the black bear.
The black bear is almost dead.
The black bear goes berserk!
You closely miss the black bear.
The black bear is severely wounded.
The black bear bites you! The black bear claws you.
The black bear barely misses you. The black bear bites you.
The black bear barely misses you. The black bear claws you.
You hit the black bear.
The black bear is almost dead.
The black bear bites you!
* * * LOW HITPOINT WARNING * * *
The black bear claws you.
* * * LOW HITPOINT WARNING * * *
The black bear barely misses you.
You hit the black bear.
The black bear is almost dead.
The black bear bites you.
* * * LOW HITPOINT WARNING * * *
The black bear claws you.
You die...

#########
........######
.............#
.######.####.# #
#........h#.#
#.#.###...#@#.#
.####.#.#.#.....#.#
..............>.#.#
#####.#.#.#.#...#.#
# #.#<..#...#.# ###
#.#.#.....#.#
###...#h#.#.#...#.#
........#.#.#...#.#
#.....$...#.##.##.#


You could see a black bear (berserk).

Vanquished Creatures
  Grinder (D:3)
  Terence (D:3)
  Jessica (D:3)
  Ijyb (D:3)
  3 adders
  2 gnolls (D:3)
  A dart slug (D:1)
  4 ball pythons
  5 endoplasms
  A giant cockroach (D:3)
  10 goblins
  3 hobgoblins
  4 jackals (D:1)
  7 kobolds
  2 quokkas (D:3)
  2 bats
  4 frilled lizards (D:1)
  5 rats
57 creatures vanquished.

Notes
Turn   | Place    | Note
-------+----------+-------------------------------------------
     0 | D:1      | promet the Ogre Gladiator began the quest for the Orb.
     0 | D:1      | Reached XP level 1. HP: 22/22 MP: 1/1
     0 | D:1      | Upgraded the game from 0.31-a0-180-g519b7de00c to
                  | 0.31-a0-182-gc5ef74bbde
   308 | D:1      | Reached XP level 2. HP: 24/29 MP: 2/2
   446 | D:1      | Found Tuompar's Weapon Boutique.
   599 | D:1      | Found an iron altar of Okawaru.
   610 | D:1      | Got the Guidebook on Transition
   615 | D:1      | Became a worshipper of Warmaster Okawaru
   983 | D:1      | Reached XP level 3. HP: 36/36 MP: 3/3
  1266 | D:1      | Reached skill level 3 in Fighting
  1647 | D:2      | Found an iron altar of Okawaru.
  1669 | D:2      | Identified the +5 leather armour "Ethi" {+Blink}
  2047 | D:2      | Reached XP level 4. HP: 45/45 MP: 4/4
  2592 | D:3      | Noticed Sigmund
  2686 | D:3      | Noticed Ijyb
  2706 | D:3      | Killed Ijyb
  3026 | D:3      | Found an ornate altar of the Wu Jian Council.
  3204 | D:3      | Noticed Terence
  3223 | D:3      | Killed Terence
  3224 | D:3      | Reached XP level 5. HP: 37/54 MP: 5/5
  3454 | D:3      | Noticed Grinder
  3458 | D:3      | Paralysed by Grinder for 4 turns
  3474 | D:3      | Paralysed by Grinder for 3 turns
  3479 | D:3      | Paralysed by Grinder for 4 turns
  3483 | D:3      | Killed Grinder
  3483 | D:3      | Reached * piety under Okawaru
  3484 | D:3      | Reached skill level 4 in Fighting
  3484 | D:3      | Reached skill level 1 in Stealth
  3484 | D:3      | Reached XP level 6. HP: 17/65 MP: 6/6
  3646 | D:3      | Noticed Jessica
  3649 | D:3      | Killed Jessica
  3667 | D:3      | Reached skill level 5 in Fighting
  4038 | D:3      | Found a white marble altar of Elyvilon.
  4762 | D:4      | Noticed a black bear
  4799 | D:4      | HP: 3/66 [black bear (6)]
  4799 | D:4      | Slain by a black bear

Illustrated notes

Levels and vault maps discovered:
D:1:      nicolae_arrival_memento_mori, layout_basic, serial_shops, shop,
          minmay_hexomino_r4
D:2:      layout_basic, basic_altar
D:3:      layout_loops_ring, elyvilon_altar_1, mainiacjoe_overflow_alcove_2,
          uniq_sigmund, uniq_terence, uniq_grinder, uniq_jessica, uniq_ijyb
D:4:      layout_basic, minmay_temple_entry_slanted

Skill      XL: |  1  2  3  4  5  6 |
---------------+-------------------+-----
Dodging        | 3 |  3.7
Fighting       | 3 4 5 |  5.1
Polearms       | 4 |  4.9
Stealth        | 1 |  1.2
Throwing       | |  2.6
Evocations     | |  0.5

Action                     |  1- 3 |  4- 6 || total
---------------------------+-------+-------++-------
  Melee: Trident           |    90 |    99 ||   189
         Punch             |     1 |     2 ||     3
  Throw: Stone             |     8 |     4 ||    12
         Dart              |       |    10 ||    10
         Throwing net      |       |     1 ||     1
  Evoke: Wand              |       |     5 ||     5
    Use: Scroll            |     3 |     1 ||     4
         Potion            |       |     3 ||     3
   Stab: Sleeping          |     2 |     1 ||     3
 Armour: Robe              |    24 |    16 ||    40
  Dodge: Dodged            |    40 |    46 ||    86

Table legend: (Time is in decaauts)
 A = Elapsed time spent in this place.
 B = Non-inter-level travel time spent in this place.
 C = Inter-level travel time spent in this place.
 D = Time resting spent in this place.
 E = Time spent auto-exploring this place.
 F = Levels seen in this place.
 G = Mean time per level.
                   A        B        C        D        E       F      G
               +--------+--------+--------+--------+--------+-----+--------+
         Total |   4819 |   4715 |    104 |   1831 |    642 |   4 | 1204.8 |
       Dungeon |   4819 |   4715 |    104 |   1831 |    642 |   4 | 1204.8 |
               +--------+--------+--------+--------+--------+-----+--------+

Top non-repeatable levels by time:
     D:3: 2151 daAuts
     D:1: 1418 daAuts
     D:2: 1159 daAuts
     D:4: 90 daAuts
